Map: Fear and Faith LE

Players

liquidclem (Clem)

  • Race: Terran Terran
  • League: Grandmaster
  • Spawn Location: 5:00

Serral - Winner!

  • Race: Zerg Zerg
  • League: Master
  • Spawn Location: 11:00

Event: HomeStory Cup XXIX

VOD

Have the link to the VOD?

Description

Time

  • Played on: July 5, 2026, 4:47 p.m.
  • Length: 7:53

All games in this series

Show
View Real Time Build Order
Export as new Build Order

liquidclem Terran 

Build Orders: Reaper Expand 

Get SALT Encoding   

  8  0:00  SCV  
  9  0:12  SCV  
  10  0:24  SCV  
  10  0:27  Supply Depot  
  11  0:36  SCV  
  12  0:48  SCV  
  13  0:53  Barracks  
  13  1:00  SCV  
  14  1:05  Refinery  
  14  1:12  SCV  
  15  1:25  SCV  
  16  1:40  Orbital Command  
  16  1:47  Reaper  
  17  2:06  SCV  
  18  2:10  Command Center  
  18  2:18  SCV  
  18  2:22  Marine  
  20  2:24  Supply Depot  
  20  2:30  SCV  
  21  2:38  Factory  
  21  2:45  Barracks Reactor  
  21  2:46  SCV  
  22  2:58  SCV  
  23  3:10  SCV  
  24  3:22  Orbital Command, SCV  
  25  3:30  Command Center  
  25  3:34  SCV  
  25  3:35  Barracks Tech Lab  
  25  3:40  Barracks  
  26  3:46  SCV  
  26  3:47  SCV  
  28  3:54  Hellion x2  
  32  3:58  SCV  
  32  3:59  SCV  
  32  4:00  Marine  
  35  4:04  Stimpack  
  35  4:08  Refinery  
  35  4:10  SCV  
  35  4:11  SCV  
  37  4:18  Marine  
  37  4:23  SCV x2  
  40  4:28  Starport  
  40  4:33  Factory Reactor  
  40  4:34  Marine  
  40  4:35  Marine  
  42  4:41  Marine  
  42  4:42  SCV x2, Orbital Command  
  45  4:50  Supply Depot  
  45  4:52  Marine x2  
  45  4:54  SCV x2  
  45  4:59  Marine  
  50  5:02  Supply Depot  
  50  5:06  SCV x2  
  52  5:08  SCV  
  52  5:10  Marine x2  
  52  5:13  Medivac  
  57  5:15  Orbital Command  
  57  5:16  Refinery, Medivac  
  57  5:17  Marine  
  57  5:18  SCV x2  
  57  5:19  Refinery  
  62  5:24  Factory Reactor  
  62  5:27  Supply Depot  
  62  5:28  Barracks, Marine  
  63  5:30  SCV x2, Marine  
  63  5:39  Engineering Bay  
  63  5:40  Engineering Bay  
  63  5:42  Marine, SCV x2  
  66  5:43  SCV  
  66  5:47  Combat Shield  
  67  5:51  Marine  
  67  5:52  Supply Depot  
  67  5:54  SCV x2  
  67  5:56  Starport Reactor  
  67  5:57  SCV  
  71  5:59  Marine  
  71  6:01  Widow Mine x2, Marine  
  77  6:05  Missile Turret  
  77  6:06  Missile Turret  
  77  6:07  SCV  
  77  6:10  SCV  
  79  6:14  SCV  
  79  6:16  Supply Depot  
  80  6:21  Marine  
  80  6:23  SCV  
  80  6:24  Marine  
  83  6:26  Supply Depot, SCV, Marine  
  83  6:29  SCV  
  86  6:34  Marine  
  86  6:37  Marine, SCV  
  86  6:38  SCV  
  94  6:41  SCV  
  94  6:45  Marine  
  94  6:46  Supply Depot  
  93  6:49  SCV  
  93  6:50  SCV  
  93  6:51  Medivac x2  
  93  6:52  Marine  
  93  6:53  SCV, Marine  
  102  6:55  Marine  
  102  6:59  Widow Mine x2  
  102  7:00  Marine  
  102  7:01  SCV  
  102  7:07  SCV x2  
  102  7:08  Missile Turret, Supply Depot  
  104  7:14  SCV, Marine, Barracks  
  104  7:16  Barracks  
  104  7:19  SCV  
  104  7:20  SCV, Refinery  
  104  7:21  Factory  
  106  7:23  Armory  
  106  7:26  SCV  
  106  7:28  Barracks Reactor  
  106  7:29  Marine  
  92  7:31  Widow Mine x2  
  92  7:33  Marine, SCV  
  99  7:37  SCV  
Show
View Real Time Build Order
Export as new Build Order

Serral Zerg - Winner!

Build Orders: Pool First 

Get SALT Encoding   

  8  0:00  Drone  
  9  0:10  Drone  
  10  0:17  Drone  
  11  0:27  Overlord  
  11  0:33  Drone  
  12  0:46  Drone x2  
  14  0:50  Drone  
  15  1:00  Drone  
  16  1:07  Spawning Pool  
  16  1:10  Drone  
  16  1:20  Drone  
  17  1:35  Hatchery  
  17  1:37  Drone  
  17  1:41  Drone  
  17  1:42  Extractor  
  17  1:54  Queen  
  17  1:58  Drone  
  20  2:03  Overlord  
  20  2:13  Extractor, Drone  
  21  2:22  Drone  
  22  2:29  Zergling x2, Queen  
  25  2:39  Drone  
  25  2:42  Metabolic Boost  
  26  2:47  Queen  
  26  2:50  Drone  
  29  2:53  Drone  
  31  2:58  Drone  
  31  3:03  Drone  
  32  3:06  Overlord  
  32  3:10  Extractor  
  32  3:11  Extractor, Drone  
  32  3:12  Drone  
  32  3:18  Overlord  
  34  3:26  Drone x2  
  36  3:27  Drone  
  37  3:36  Drone x3  
  37  3:37  Lair  
  37  3:39  Drone  
  41  3:48  Drone x2  
  43  3:54  Overlord  
  43  3:55  Extractor  
  43  3:56  Extractor, Drone x2  
  43  3:57  Drone  
  44  4:05  Drone  
  44  4:07  Drone  
  47  4:10  Drone x2  
  47  4:11  Overlord  
  47  4:14  Extractor  
  47  4:16  Drone  
  48  4:20  Drone  
  48  4:21  Drone  
  48  4:23  Hatchery  
  49  4:28  Drone x3  
  52  4:32  Zergling x4  
  52  4:38  Spire  
  53  4:40  Drone  
  53  4:45  Overlord  
  54  4:48  Baneling Nest  
  54  4:49  Zergling x4  
  54  4:51  Overseer  
  55  4:57  Overlord  
  55  4:58  Zergling x2  
  56  5:03  Drone x4  
  60  5:10  Drone  
  60  5:11  Drone  
  62  5:15  Drone x2  
  64  5:24  Overlord  
  64  5:28  Drone x2  
  66  5:35  Centrifugal Hooks  
  66  5:38  Drone x2  
  68  5:44  Mutalisk  
  68  5:45  Mutalisk x5  
  68  5:46  Extractor  
  79  5:51  Mutalisk  
  79  5:53  Zergling x2  
  79  5:54  Zergling x6  
  84  5:59  Overlord  
  84  6:02  Zergling x2  
  85  6:05  Mutalisk  
  85  6:08  Overlord  
  85  6:09  Mutalisk  
  89  6:11  Zergling x2  
  89  6:12  Zergling x4, Overlord  
  89  6:14  Overlord  
  89  6:16  Mutalisk  
  94  6:19  Overlord  
  94  6:21  Zergling x2  
  95  6:26  Zergling x8  
  95  6:27  Extractor  
  98  6:33  Overseer, Baneling x8  
  98  6:34  Baneling  
  98  6:38  Zergling x8  
  102  6:46  Zergling x12  
  108  6:50  Baneling x7  
  108  6:53  Zergling x4  
  110  6:58  Baneling x6  
  110  7:01  Overlord  
  110  7:02  Zergling x4  
  110  7:06  Zergling x6  
  115  7:13  Baneling x8  
  115  7:15  Zergling x6  
  115  7:22  Zergling x8  
  122  7:26  Zergling x2  
  122  7:27  Zergling x2  
  121  7:35  Zergling x6  
Tags
 
Add a new tag
Caveats
  • Supply blocks, unpowered buildings, or Contaminate may cause inaccurate times.
  • Supply counts are checked every 10 seconds.